Map: Dreamcatcher LE

Players

Elazer - Winner!

  • Race: Zerg Zerg
  • League: Grandmaster
  • Spawn Location: 11:00

MMA

  • Race: Terran Terran
  • Spawn Location: 5:00

Event: HomeStory Cup XVII

VOD

Have the link to the VOD?

Description

Time

  • Played on: June 29, 2018, 10:03 a.m.
  • Length: 9:01

All games in this series

Show
View Real Time Build Order
Export as new Build Order

Elazer Zerg - Winner!

Build Orders: Pool First 

Get SALT Encoding   

  12  0:00  Drone  
  13  0:08  Drone  
  14  0:14  Drone, Extractor  
  14  0:31  Spawning Pool  
  14  0:35  Drone  
  14  0:43  Overlord  
  14  0:50  Extractor  
  14  0:52  Drone  
  15  1:01  Drone  
  16  1:18  Metabolic Boost, Zergling x4  
  18  1:19  Zergling x2  
  19  1:29  Zergling x2  
  20  1:42  Hatchery  
  20  1:44  Zergling x2  
  20  1:51  Overlord  
  20  2:00  Queen  
  22  2:14  Zergling x4  
  24  2:25  Drone  
  25  2:35  Overlord  
  25  2:42  Queen  
  27  2:44  Drone  
  27  2:53  Queen  
  27  2:55  Drone x2  
  32  3:05  Drone x2  
  33  3:13  Drone x2  
  33  3:14  Drone  
  33  3:15  Drone  
  33  3:18  Drone  
  38  3:34  Overlord, Hatchery  
  38  3:37  Drone  
  38  3:39  Drone  
  39  3:42  Drone  
  40  3:48  Drone  
  40  3:50  Drone  
  40  3:51  Drone  
  40  3:53  Drone  
  44  3:56  Queen  
  44  3:59  Overlord  
  46  4:06  Overlord  
  46  4:17  Drone x5  
  46  4:22  Overlord  
  51  4:25  Drone  
  51  4:27  Drone x2  
  54  4:33  Queen  
  54  4:36  Overlord  
  56  4:38  Drone x2  
  56  4:40  Lair  
  58  4:49  Drone x2  
  59  4:53  Overlord  
  59  4:54  Queen  
  59  4:55  Drone x2  
  59  4:59  Extractor  
  62  5:01  Spore Crawler, Drone  
  62  5:05  Drone  
  62  5:06  Spore Crawler, Drone x2  
  64  5:13  Overlord, Evolution Chamber  
  63  5:16  Extractor, Evolution Chamber  
  63  5:19  Drone x3  
  64  5:24  Drone  
  64  5:25  Roach Warren, Drone  
  64  5:27  Drone  
  66  5:28  Drone  
  66  5:34  Overlord  
  66  5:35  Drone x2  
  69  5:37  Drone  
  70  5:44  Overlord  
  70  5:45  Drone x2  
  70  5:46  Zerg Missile Weapons Level 1  
  72  5:50  Overlord, Zerg Ground Armor Level 1  
  72  5:52  Drone  
  72  5:54  Extractor  
  72  5:55  Drone  
  72  5:56  Drone x2  
  75  6:03  Overlord  
  75  6:05  Roach x3  
  75  6:07  Extractor  
  75  6:08  Roach  
  75  6:10  Overlord  
  82  6:11  Roach  
  82  6:16  Overlord  
  83  6:21  Glial Reconstitution  
  83  6:23  Roach x2  
  87  6:29  Roach x3  
  87  6:31  Overlord  
  93  6:34  Roach x2  
  97  6:40  Overlord  
  97  6:41  Roach  
  97  6:42  Roach x2  
  97  6:44  Roach  
  105  6:48  Overlord  
  105  6:53  Roach x4  
  113  6:57  Overlord  
  113  6:58  Roach x2  
  117  7:08  Roach x4  
  125  7:14  Roach x3  
  131  7:18  Roach x2  
  131  7:20  Overlord  
  136  7:22  Roach  
  136  7:23  Roach x2  
  136  7:26  Roach  
  136  7:29  Roach x2  
  146  7:33  Ravager  
  146  7:35  Drone x3, Extractor  
  149  7:40  Overlord  
  149  7:48  Roach  
  149  7:49  Roach x4  
  149  7:50  Hatchery  
  158  8:03  Roach x7  
  160  8:07  Roach x2  
  162  8:13  Drone x4  
  162  8:24  Drone x2  
  154  8:27  Drone  
  154  8:30  Drone x2  
  148  8:36  Overlord  
  148  8:42  Ravager x2  
Show
View Real Time Build Order
Export as new Build Order

MMA Terran 

Build Orders: Gas First Reaper Expand, Reaper Expand, Mech 

Get SALT Encoding   

  12  0:01  SCV  
  13  0:13  SCV  
  14  0:17  Supply Depot  
  14  0:25  SCV  
  14  0:27  Refinery  
  15  0:38  SCV  
  16  0:45  Barracks  
  16  0:50  SCV  
  17  1:02  SCV  
  18  1:15  SCV  
  19  1:31  Orbital Command  
  19  1:32  Reaper  
  20  1:42  Command Center  
  20  1:55  Factory  
  20  1:57  SCV  
  21  2:07  Refinery  
  21  2:09  SCV  
  21  2:11  Barracks Reactor  
  21  2:15  Supply Depot  
  22  2:21  SCV  
  23  2:36  SCV  
  24  2:41  Hellion  
  25  2:44  Command Center  
  25  2:45  Starport  
  25  2:47  Marine x2  
  25  2:49  SCV  
  28  3:01  SCV  
  29  3:12  Hellion  
  31  3:17  SCV  
  31  3:18  Hellion  
  34  3:22  Viking  
  36  3:27  Barracks Tech Lab  
  36  3:33  Supply Depot  
  36  3:37  SCV  
  37  3:44  Hellion  
  39  3:55  Hellion  
  41  3:56  SCV  
  42  4:09  Hellion  
  47  4:13  SCV  
  48  4:19  Raven  
  48  4:20  Orbital Command  
  47  4:25  SCV  
  50  4:37  SCV  
  50  4:38  Supply Depot  
  49  4:48  SCV  
  49  4:49  SCV  
  51  5:00  SCV  
  51  5:01  SCV  
  51  5:03  Command Center, Armory  
  51  5:05  Armory  
  53  5:13  SCV x2  
  55  5:16  Supply Depot  
  55  5:22  Refinery  
  55  5:23  Refinery  
  55  5:27  SCV x2  
  57  5:33  Factory  
  57  5:35  Factory  
  57  5:39  SCV x2  
  57  5:40  Starport Reactor  
  57  5:51  SCV x2  
  57  5:53  Terran Vehicle Weapons Level 1, Terran Vehicle And Ship Armor Level 1  
  59  6:03  SCV x2  
  61  6:12  Hellion x2  
  61  6:16  Orbital Command  
  61  6:17  Supply Depot  
  65  6:19  SCV x2  
  65  6:21  Factory Tech Lab  
  67  6:31  SCV x2  
  66  6:41  Thor x2  
  66  6:43  SCV x3  
  81  6:50  Refinery  
  81  6:52  Medivac  
  82  6:54  Refinery, Medivac  
  82  6:55  SCV x3  
  87  7:07  SCV x3  
  90  7:12  Factory x2  
  90  7:16  Supply Depot x2  
  90  7:19  SCV x2  
  90  7:20  SCV  
  93  7:31  SCV  
  93  7:32  SCV x2  
  93  7:36  Supply Depot  
  96  7:37  Supply Depot, Siege Tank  
  96  7:38  Siege Tank  
  96  7:40  Hellion x2  
  96  7:44  SCV x2  
  104  7:56  SCV x2  
  104  8:00  Factory Reactor, Factory Tech Lab  
  94  8:08  SCV  
  94  8:09  Siege Tank  
  94  8:11  Hellion x2  
  70  8:20  SCV  
  70  8:21  Siege Tank x2  
  70  8:22  SCV  
  64  8:32  Hellion, SCV  
  62  8:34  SCV  
  60  8:44  SCV  
  60  8:46  SCV  
Tags
 
Add a new tag
Caveats
  • Supply blocks, unpowered buildings, or Contaminate may cause inaccurate times.
  • Supply counts are checked every 10 seconds.